[Event "Ajuinentornooi Aalst 2022"]
[Site "?"]
[Date "2022.05.04"]
[Round "4"]
[White "Goormachtigh, Johan"]
[Black "Dgebuadze, Alexandre"]
[Result "0-1"]
[ECO "A60"]
[WhiteElo "2148"]
[BlackElo "2465"]
[PlyCount "56"]
[EventDate "2022.??.??"]
[TimeControl "240+2"]

{600MB, Fritz10.ctg} 1. d4 Nf6 2. c4 e6 3. Nf3 c5 4. d5 exd5 5. cxd5 Bd6 6. Nc3
O-O 7. g3 Re8 8. Bg2 Bc7 9. Nd2 d6 10. O-O a6 11. a4 Nbd7 12. h3 Rb8 13. b3 Nf8
14. Bb2 Ng6 15. e4 b5 16. axb5 axb5 17. f4 Ba5 18. Qc2 Bb4 19. Rfe1 Nh5 20. Ne2
Bd7 21. f5 Ne5 22. Rf1 Qg5 23. Bxe5 Rxe5 24. Nf3 Qe3+ 25. Rf2 Rxe4 26. g4 Nf6
27. Ne1 c4 28. Bxe4 Nxe4 0-1

[Event "Ajuinentornooi Aalst 2022"]
[Site "?"]
[Date "2022.05.04"]
[Round "4"]
[White "Roos, Adrian"]
[Black "Van De Perre, Tom"]
[Result "0-1"]
[ECO "D30"]
[WhiteElo "2302"]
[BlackElo "2072"]
[PlyCount "120"]
[EventDate "2022.??.??"]
[TimeControl "240+2"]

{600MB, Fritz10.ctg} 1. d4 d5 2. c4 e6 3. Nf3 a6 4. Qc2 dxc4 5. Qxc4 b5 6. Qc2
Bb7 7. e4 Nd7 8. a4 b4 9. Bg5 Be7 10. Bxe7 Qxe7 11. Qxc7 Bxe4 12. Nbd2 Ndf6 13.
Qa5 Bb7 14. Qg5 Kf8 15. Bd3 Nd5 16. Qe5 f6 17. Qg3 Nh6 18. O-O Nf5 19. Bxf5
exf5 20. Rac1 Rc8 21. Rxc8+ Bxc8 22. Qb8 Qb7 23. Qd6+ Kf7 24. Nc4 Rf8 25. Qc5
Kg8 26. Nd6 Qa8 27. Rc1 Bd7 28. Qc4 g6 29. b3 Kg7 30. Nd2 Nf4 31. f3 Be6 32.
Qc7+ Kg8 33. Re1 Qd5 34. Qc5 Rd8 35. N2c4 Nd3 36. Qxd5 Bxd5 37. Rd1 Nf4 38. Kf2
Ne6 39. g3 Kf8 40. h4 Ke7 41. Ke3 Rxd6 42. Nxd6 Kxd6 43. Rb1 Nd8 44. Rb2 Nc6
45. g4 fxg4 46. fxg4 Na5 47. Rc2 Bxb3 48. Rc8 Bxa4 49. Kd3 Bb5+ 50. Kc2 Nc6 51.
Rh8 Nxd4+ 52. Kb2 Be2 53. Ra8 Ke5 54. h5 gxh5 55. gxh5 f5 56. h6 f4 57. Rh8 Bd3
58. Re8+ Ne6 59. Re7 f3 60. Rf7 Bf5 0-1

[Event "Ajuinentornooi Aalst 2022"]
[Site "?"]
[Date "2022.05.04"]
[Round "4"]
[White "Londers, Jan"]
[Black "Boodts, Jeroen"]
[Result "0-1"]
[ECO "B40"]
[WhiteElo "1762"]
[BlackElo "1868"]
[PlyCount "60"]
[EventDate "2022.??.??"]
[TimeControl "240+2"]

{600MB, Fritz10.ctg} 1. e4 c5 2. Nc3 a6 3. Nf3 b5 4. g3 Bb7 5. d3 e6 6. Bg2 b4
7. Ne2 d5 8. exd5 Bxd5 9. Nf4 Bb7 10. O-O Be7 11. Qe2 Nf6 12. Re1 Qb6 13. Ng5
O-O 14. Bxb7 Qxb7 15. Nfxe6 Re8 16. Nxc5 Bxc5 17. Qxe8+ Nxe8 18. Rxe8+ Bf8 19.
Bf4 Nc6 20. Re4 Rd8 21. Rae1 Qd7 22. Bd2 h6 23. Nf3 Qd5 24. Kg2 Kh7 25. b3 Bc5
26. d4 Nxd4 27. Nxd4 Bxd4 28. f3 Bc3 29. Bxc3 bxc3 30. R1e2 Qd1 0-1

[Event "Ajuinentornooi Aalst 2022"]
[Site "?"]
[Date "2022.05.04"]
[Round "4"]
[White "De Reymaeker, Walter"]
[Black "Temmerman, Hans"]
[Result "1-0"]
[ECO "A22"]
[WhiteElo "1835"]
[BlackElo "1727"]
[PlyCount "91"]
[EventDate "2022.??.??"]
[TimeControl "240+2"]

{600MB, Fritz10.ctg} 1. c4 e5 2. g3 Nf6 3. Bg2 d5 4. cxd5 Nxd5 5. Nc3 Nxc3 6.
bxc3 Nc6 7. d3 Bd6 8. Nf3 h6 9. O-O O-O 10. a4 a5 11. Qb3 Rb8 12. Ba3 Be6 13.
Qb2 Bxa3 14. Qxa3 Qd7 15. Qc5 f6 16. Nd2 Ne7 17. Qxa5 Bh3 18. Qb5 c6 19. Qb3+
Kh8 20. a5 Bxg2 21. Kxg2 Qg4 22. f3 Qg5 23. Nc4 Nd5 24. Qc2 h5 25. e4 Nf4+ 26.
Kh1 Ne6 27. Qc1 Qg6 28. f4 Nc5 29. Qe3 Nd7 30. Rab1 f5 31. fxe5 fxe4 32. Qxe4
Qxe4+ 33. dxe4 Nc5 34. Nd6 Kg8 35. Kg2 Rxf1 36. Kxf1 Kf8 37. Ke2 Ra8 38. Ke3
Rxa5 39. Nxb7 Nxb7 40. Rxb7 Rxe5 41. Rc7 Re6 42. Kd4 g6 43. e5 Ke8 44. c4 Kd8
45. Ra7 Kc8 46. Rf7 1-0

[Event "Ajuinentornooi Aalst 2022"]
[Site "?"]
[Date "2022.05.04"]
[Round "4"]
[White "Roelandt, Andreas"]
[Black "Maddens, Martijn"]
[Result "0-1"]
[ECO "D31"]
[WhiteElo "1873"]
[BlackElo "2166"]
[PlyCount "42"]
[EventDate "2022.??.??"]
[TimeControl "240+2"]

{600MB, Fritz10.ctg} 1. d4 d5 2. c4 e6 3. Nc3 c6 4. e4 dxe4 5. Nxe4 Bb4+ 6. Bd2
Qxd4 7. Bxb4 Qxe4+ 8. Be2 Na6 9. Ba5 b6 10. Qd6 Bd7 11. Bc3 Nf6 12. O-O-O Rd8
13. Qa3 Nc5 14. Qxa7 O-O 15. Qxb6 Na4 16. Qb4 c5 17. Qb3 Nxc3 18. Qxc3 Qxg2 19.
Bf3 Qxf2 20. Rd2 Qe1+ 21. Kc2 Ne4 0-1

[Event "Ajuinentornooi Aalst 2022"]
[Site "?"]
[Date "2022.05.04"]
[Round "4"]
[White "Goossens, Xavier"]
[Black "De Smet, Frans"]
[Result "1-0"]
[ECO "B18"]
[WhiteElo "2052"]
[BlackElo "1699"]
[PlyCount "107"]
[EventDate "2022.??.??"]
[TimeControl "240+2"]

{600MB, Fritz10.ctg} 1. e4 c6 2. d4 d5 3. Nc3 dxe4 4. Nxe4 Bf5 5. Qf3 e6 6. Be3
Nd7 7. Bd3 Bb4+ 8. Kf1 Bxe4 9. Qxe4 Ngf6 10. Qh4 Nd5 11. Qg3 Nxe3+ 12. fxe3 O-O
13. Nf3 Nf6 14. Qh3 h6 15. c4 Be7 16. g4 Nh7 17. Qg2 f5 18. gxf5 exf5 19. Rg1
g5 20. Ke2 Qe8 21. Qh3 Qg6 22. Ne5 Qg7 23. Bxf5 Bd6 24. Ng4 Rae8 25. Nxh6+ Kh8
26. Bc2 Bf4 27. Ng4 Rf7 28. Bxh7 Qxh7 29. Qxh7+ Kxh7 30. Raf1 Kg6 31. Kd3 Bc7
32. Rxf7 Kxf7 33. Rf1+ Kg6 34. Rf6+ Kg7 35. Rh6 Rf8 36. Ke2 Rf5 37. Re6 Rf7 38.
Nh6 Rd7 39. Nf5+ Kf7 40. Rh6 Kf8 41. Rh8+ Kf7 42. Rh7+ Ke8 43. Rxd7 Kxd7 44. h3
Ke6 45. e4 Bf4 46. Kf3 Bc1 47. b3 Bb2 48. Kg4 Bc1 49. Kf3 Bd2 50. Ne3 Bc3 51.
d5+ cxd5 52. cxd5+ Kd6 53. Kg4 Bd2 54. Nc4+ 1-0

[Event "Ajuinentornooi Aalst 2022"]
[Site "?"]
[Date "2022.05.04"]
[Round "4"]
[White "Van Zeebroeck, Sam"]
[Black "De Weird, Matthias"]
[Result "0-1"]
[ECO "A10"]
[WhiteElo "1750"]
[BlackElo "1990"]
[PlyCount "102"]
[EventDate "2022.??.??"]
[TimeControl "240+2"]

{600MB, Fritz10.ctg} 1. c4 b5 2. cxb5 a6 3. e3 Nf6 4. Nf3 e6 5. Nc3 Bb7 6. Be2
Bb4 7. O-O O-O 8. a3 Bxc3 9. dxc3 d5 10. Qc2 Nbd7 11. Rd1 axb5 12. Bxb5 Nb6 13.
Be2 Ne4 14. b3 Nd6 15. Bb2 Ba6 16. a4 Bxe2 17. Qxe2 Ra5 18. Nd4 Qd7 19. Qc2 c5
20. Nf3 c4 21. Ne5 cxb3 22. Qxb3 Qc7 23. Ba3 Rfa8 24. Bxd6 Qxd6 25. Nc4 Nxc4
26. Qxc4 h6 27. Qg4 Qc6 28. Qb4 Rxa4 29. Rxa4 Qxa4 30. Qxa4 Rxa4 31. Kf1 Kf8
32. Ke2 Ra2+ 33. Rd2 Rxd2+ 34. Kxd2 Ke7 35. Kd3 Kd6 36. c4 f5 37. cxd5 Kxd5 38.
f3 g5 39. g3 g4 40. e4+ fxe4+ 41. fxe4+ Kc5 42. Kc3 e5 43. Kd3 Kb4 44. Kd2 Kc4
45. Ke3 Kc3 46. h3 gxh3 47. Kf2 Kd3 48. g4 Kxe4 49. Kg3 h2 50. Kxh2 Kf4 51. Kh3
e4 0-1

[Event "Ajuinentornooi Aalst 2022"]
[Site "?"]
[Date "2022.05.04"]
[Round "4"]
[White "Lanckriet, Chris"]
[Black "Poelman, Geoffrey"]
[Result "1/2-1/2"]
[ECO "C84"]
[WhiteElo "1986"]
[BlackElo "1887"]
[PlyCount "41"]
[EventDate "2022.??.??"]
[TimeControl "240+2"]

{600MB, Fritz10.ctg} 1. e4 e5 2. Nf3 Nc6 3. Bb5 a6 4. Ba4 Nf6 5. O-O b5 6. Bb3
Be7 7. d3 d6 8. h3 O-O 9. c3 Na5 10. Bc2 c5 11. d4 Nd7 12. Re1 Rb8 13. Nbd2 Bf6
14. Nf1 Re8 15. Ne3 Nb6 16. Nf5 Nc6 17. dxc5 dxc5 18. Nd6 Re6 19. Nxc8 Qxc8 20.
Be3 Be7 21. Nh2 1/2-1/2

[Event "Ajuinentornooi Aalst 2022"]
[Site "?"]
[Date "2022.05.04"]
[Round "4"]
[White "Pepermans, Jelle"]
[Black "Lot, Diederik"]
[Result "1-0"]
[ECO "B18"]
[WhiteElo "1718"]
[BlackElo "1974"]
[PlyCount "115"]
[EventDate "2022.??.??"]
[TimeControl "240+2"]

{600MB, Fritz10.ctg} 1. e4 c6 2. d4 d5 3. Nc3 dxe4 4. Nxe4 Bf5 5. Bd3 Bxe4 6.
Bxe4 Nf6 7. Bf3 e6 8. Ne2 Bd6 9. O-O Qc7 10. g3 Nbd7 11. c4 e5 12. c5 Be7 13.
b4 Rd8 14. Qc2 O-O 15. Bg2 Nd5 16. a3 N7f6 17. dxe5 Qxe5 18. Bb2 Qh5 19. h3 Rd7
20. Rfe1 Bd8 21. Nd4 Bc7 22. Nf5 Re8 23. g4 Qg5 24. Rxe8+ Nxe8 25. Re1 Ndf6 26.
Qe2 Kf8 27. Nd4 Qf4 28. Nf3 h6 29. Bc1 Qe4 30. Qxe4 Nxe4 31. Rxe4 Rd1+ 32. Re1
Rd3 33. Bb2 a5 34. Nd4 Rd2 35. Bc3 Rd3 36. Re3 Rd1+ 37. Bf1 Nf6 38. Re1 Rxe1
39. Bxe1 Be5 40. Nc2 a4 41. b5 Ne4 42. bxc6 bxc6 43. Bg2 Nxc5 44. Bxc6 Nd3 45.
Bb4+ Kg8 46. Bxa4 Nf4 47. Bd7 Nxh3+ 48. Kg2 Nf4+ 49. Kf3 h5 50. gxh5 Nxh5 51.
a4 Bb8 52. Nd4 Nf6 53. Bf5 g6 54. Bd3 g5 55. Nc6 g4+ 56. Kg2 Bc7 57. Ne7+ Kg7
58. Bc3 1-0

[Event "Ajuinentornooi Aalst 2022"]
[Site "?"]
[Date "2022.05.04"]
[Round "4"]
[White "De Blende, Nando"]
[Black "Dhooge, Achiel"]
[Result "1-0"]
[ECO "B01"]
[WhiteElo "2004"]
[BlackElo "1591"]
[PlyCount "47"]
[EventDate "2022.??.??"]
[TimeControl "240+2"]

{600MB, Fritz10.ctg} 1. e4 d5 2. exd5 Qxd5 3. Nc3 Qd8 4. d4 Nf6 5. Bc4 a6 6.
Nf3 b5 7. Bd3 e6 8. Qe2 Bb7 9. Bg5 Be7 10. O-O-O Nbd7 11. h4 Nd5 12. Bd2 c5 13.
Kb1 c4 14. Be4 Nxc3+ 15. Bxc3 Bxe4 16. Qxe4 Nf6 17. Qc6+ Kf8 18. Ne5 Qc8 19.
Qf3 Bd6 20. Rhe1 Ra7 21. d5 Nxd5 22. Rxd5 exd5 23. Qxd5 Qc5 24. Nd7+ 1-0

[Event "Ajuinentornooi Aalst 2022"]
[Site "?"]
[Date "2022.05.04"]
[Round "4"]
[White "Wilmots, Yentl"]
[Black "Willockx, Ritsaart"]
[Result "0-1"]
[ECO "B06"]
[WhiteElo "1542"]
[BlackElo "1937"]
[PlyCount "58"]
[EventDate "2022.??.??"]
[TimeControl "240+2"]

{600MB, Fritz10.ctg} 1. e4 g6 2. d4 Bg7 3. Nc3 c6 4. Bc4 d5 5. exd5 b5 6. Bb3
b4 7. Na4 cxd5 8. Nf3 Nf6 9. O-O O-O 10. Bf4 Nbd7 11. Ne5 Bb7 12. f3 a5 13. Qd2
e6 14. Rac1 Nxe5 15. Bxe5 Ba6 16. Rfd1 Nd7 17. Bxg7 Kxg7 18. c3 Rb8 19. cxb4
Rxb4 20. Nc5 Nxc5 21. Rxc5 Qb6 22. Rb1 Rb8 23. Rbc1 a4 24. Rc6 Qxd4+ 25. Qxd4+
Rxd4 26. Rxa6 axb3 27. axb3 Rxb3 28. Rb1 Rd2 29. Ra2 Rc2 0-1

[Event "Ajuinentornooi Aalst 2022"]
[Site "?"]
[Date "2022.05.04"]
[Round "4"]
[White "Heyvaert, Johan"]
[Black "Roels, Frederik"]
[Result "0-1"]
[ECO "D37"]
[WhiteElo "1465"]
[BlackElo "1916"]
[PlyCount "92"]
[EventDate "2022.??.??"]
[TimeControl "240+2"]

{600MB, Fritz10.ctg} 1. d4 d5 2. c4 e6 3. Nc3 Be7 4. Bf4 Nf6 5. e3 O-O 6. Nf3
c5 7. cxd5 exd5 8. Be2 c4 9. O-O a6 10. b3 b5 11. bxc4 dxc4 12. a3 Bb7 13. Qb1
Qa5 14. Qb2 Nbd7 15. Rfc1 Rfc8 16. Nd2 Nb6 17. Bd1 Nbd5 18. Bf3 Nxf4 19. Bxb7
Nd3 20. Qc2 Nxc1 21. Qxc1 Rab8 22. Bxc8 Rxc8 23. Qb2 Qd8 24. Nf3 Rb8 25. Qc2 a5
26. Ne5 Qc7 27. Nb1 Rc8 28. Nd2 Bd6 29. Ndf3 h6 30. Rb1 b4 31. axb4 axb4 32.
Nd2 c3 33. Ndc4 Bf8 34. Qb3 Ra8 35. Nd3 Rc8 36. Nde5 Nd7 37. g3 Nxe5 38. Nxe5
Ra8 39. Nc4 Qa7 40. Ne5 Qa2 41. Qxa2 Rxa2 42. Nd3 Rd2 43. Nc1 Rd1+ 44. Kg2 c2
45. Ra1 Rxc1 46. Rxc1 b3 0-1

[Event "Ajuinentornooi Aalst 2022"]
[Site "?"]
[Date "2022.05.04"]
[Round "4"]
[White "Van De Putte, Ben"]
[Black "Evens, Joris"]
[Result "0-1"]
[ECO "B20"]
[WhiteElo "1704"]
[BlackElo "1427"]
[PlyCount "98"]
[EventDate "2022.??.??"]
[TimeControl "240+2"]

{600MB, Fritz10.ctg} 1. e4 c5 2. b4 cxb4 3. d4 Nf6 4. Bc4 d5 5. exd5 Nxd5 6.
Qf3 Nf6 7. Ne2 Nc6 8. Bb2 Bg4 9. Qe3 e6 10. O-O Be7 11. f3 Bf5 12. Bb3 a5 13.
Ba4 O-O 14. Nd2 Nd5 15. Qf2 Bh4 16. g3 Qg5 17. f4 Qg6 18. Nf3 Be7 19. Bxc6 bxc6
20. Ne5 Qh5 21. Nxc6 Bd6 22. Ne5 Bxe5 23. fxe5 Be4 24. c4 bxc3 25. Bxc3 Rac8
26. Bxa5 Rc2 27. Rfe1 Bd3 28. h4 Bxe2 29. Rac1 Rfc8 30. Rxe2 Rxc1+ 31. Be1 Nc3
32. Rb2 Nd1 33. Qe2 Qxe2 34. Rxe2 Nc3 35. Re3 Nxa2 36. Kh2 R8c2+ 37. Kh3 Nc3
38. Bxc3 Rxc3 39. Re4 Rg1 40. d5 Rgxg3+ 41. Kh2 exd5 42. Re2 d4 43. Ra2 g6 44.
e6 fxe6 45. Ra8+ Kf7 46. h5 Rh3+ 47. Kg2 Rxh5 48. Ra2 Rb5 49. Kh1 d3 0-1

[Event "Ajuinentornooi Aalst 2022"]
[Site "?"]
[Date "2022.05.04"]
[Round "4"]
[White "Van Wijnendaele, Jovanni"]
[Black "Brys, Kristof"]
[Result "1-0"]
[ECO "D00"]
[WhiteElo "1696"]
[BlackElo "1317"]
[PlyCount "103"]
[EventDate "2022.??.??"]
[TimeControl "240+2"]

{600MB, Fritz10.ctg} 1. d4 Nf6 2. Nf3 g6 3. Bf4 d5 4. Nc3 Bg7 5. e3 O-O 6. Be2
e6 7. O-O c5 8. dxc5 Qa5 9. Bd6 Rd8 10. Nb5 Na6 11. c3 Rd7 12. b4 Qd8 13. Ne5
Ne4 14. Nxd7 Bxd7 15. Nd4 Nxc3 16. Qd2 Ne4 17. Qb2 Nxd6 18. cxd6 Qb6 19. Rab1
Qxd6 20. Qd2 Nb8 21. b5 e5 22. Nf3 Bf5 23. Rbc1 Nd7 24. Rfd1 Nf6 25. Qa5 e4 26.
Nd2 Qe5 27. Nf1 Bg4 28. Bxg4 Nxg4 29. h3 Nf6 30. b6 a6 31. Rc7 Rb8 32. Qc5 Bf8
33. Rc8 Nd7 34. Qc7 Qxc7 35. Rxc7 Nxb6 36. Rb1 Bd6 37. Rc2 Nc4 38. Rd1 Na3 39.
Rcc1 b5 40. Rxd5 Bb4 41. Rc6 Ra8 42. Rd4 Ba5 43. Rxe4 Bd8 44. Re8+ Kg7 45. Rd6
Bc7 46. Rxa8 Bxd6 47. Rxa6 Nc4 48. Nd2 Nxd2 49. Rxd6 Ne4 50. Rb6 Nc3 51. a3 Nb1
52. a4 1-0

[Event "Ajuinentornooi Aalst 2022"]
[Site "?"]
[Date "2022.05.04"]
[Round "4"]
[White "De Meyer, Nicolas"]
[Black "Ponnet, Guy"]
[Result "0-1"]
[ECO "B09"]
[WhiteElo "1392"]
[BlackElo "1606"]
[PlyCount "118"]
[EventDate "2022.??.??"]
[TimeControl "240+2"]

{600MB, Fritz10.ctg} 1. e4 d6 2. d4 Nf6 3. Bd3 g6 4. f4 Bg7 5. Nf3 O-O 6. Nc3
c5 7. dxc5 dxc5 8. O-O Ng4 9. Kh1 Bxc3 10. bxc3 c4 11. Be2 Qxd1 12. Bxd1 Nf6
13. Re1 Nc6 14. Nd4 Nxd4 15. cxd4 Bg4 16. Bxg4 Nxg4 17. Rb1 b6 18. Ba3 Rfe8 19.
Rb4 Rac8 20. h3 Nf6 21. c3 Nh5 22. Bc1 e6 23. a4 f5 24. e5 Red8 25. Kh2 Rd5 26.
Rb5 Rcd8 27. Be3 Ng7 28. Reb1 R5d7 29. a5 bxa5 30. Rxa5 Rc8 31. Rb4 Ne8 32.
Raa4 Rdc7 33. Bc1 a6 34. Rxa6 Rc6 35. Rab6 Rxb6 36. Rxb6 Kf7 37. Rb7+ Rc7 38.
Rxc7+ Nxc7 39. Ba3 Nd5 40. Bb2 Nxf4 41. Kg3 Nd5 42. Kf3 g5 43. g3 h5 44. Kf2 f4
45. gxf4 Nxf4 46. Kg3 Kg6 47. Kh2 Kf5 48. Bc1 Nd5 49. Bb2 Ne3 50. Bc1 Nd1 51.
Kg3 Nxc3 52. Kf3 g4+ 53. hxg4+ hxg4+ 54. Ke3 g3 55. Bd2 g2 56. Kf2 Ne4+ 57.
Kxg2 Nxd2 58. Kf2 Ke4 59. Ke2 Nb3 0-1

[Event "Ajuinentornooi Aalst 2022"]
[Site "?"]
[Date "2022.05.04"]
[Round "4"]
[White "Doossche, Carlo"]
[Black "Ruysseveldt, Sam"]
[Result "1-0"]
[ECO "C64"]
[WhiteElo "1594"]
[BlackElo "1119"]
[PlyCount "79"]
[EventDate "2022.??.??"]
[TimeControl "240+2"]

{600MB, Fritz10.ctg} 1. Nf3 Nc6 2. e4 e5 3. Nc3 Bc5 4. Bb5 a6 5. Ba4 Nge7 6.
O-O O-O 7. a3 d6 8. Bb3 Kh8 9. Ng5 d5 10. Qh5 h6 11. Nxf7+ Rxf7 12. Qxf7 Nd4
13. Nxd5 Be6 14. Qh5 Nec6 15. d3 Kh7 16. Kh1 Qd6 17. Be3 Nxb3 18. cxb3 Nd4 19.
b4 Ba7 20. Rac1 c6 21. Nf6+ gxf6 22. Qxh6+ Kg8 23. Qg6+ Kf8 24. Qxf6+ Ke8 25.
Qh8+ Qf8 26. Qxe5 Rd8 27. Bxd4 Rxd4 28. Qxe6+ Kd8 29. Rc5 Bb8 30. e5 Rd7 31.
Qf6+ Qe7 32. Qxe7+ Rxe7 33. f4 Ke8 34. g3 Kd7 35. Kg2 b6 36. Rc2 Kc7 37. Rfc1
Kb7 38. Rxc6 a5 39. R6c4 a4 40. b5 1-0

[Event "Ajuinentornooi Aalst 2022"]
[Site "?"]
[Date "2022.05.04"]
[Round "4"]
[White "Cotman, Dirk"]
[Black "De Wolf, Bernard"]
[Result "1/2-1/2"]
[ECO "C21"]
[WhiteElo "1288"]
[BlackElo "1593"]
[PlyCount "113"]
[EventDate "2022.??.??"]
[TimeControl "240+2"]

{600MB, Fritz10.ctg} 1. e4 e5 2. d4 exd4 3. c3 dxc3 4. Bc4 Qe7 5. Nxc3 c6 6.
Nf3 d5 7. Bd3 dxe4 8. Nxe4 Nf6 9. Qe2 Nxe4 10. Bxe4 h6 11. O-O Be6 12. Re1 Nd7
13. Nd4 O-O-O 14. Nxe6 Qxe6 15. Qf3 Qf6 16. Be3 Qxf3 17. Bxf3 Bc5 18. Bd2 Nf6
19. Bc3 Bd4 20. Rac1 Bxc3 21. Rxc3 Nd5 22. Rc5 Kb8 23. h3 Rd6 24. Bxd5 cxd5 25.
Re7 Rhd8 26. Rcc7 Rb6 27. b3 g5 28. Rxf7 d4 29. Kf1 a6 30. Ke2 a5 31. Kd3 a4
32. bxa4 Rb4 33. a5 Ka7 34. Rf6 Ra4 35. a6 Rxa6 36. Rxa6+ Kxa6 37. Rh7 Rd6 38.
Re7 Kb6 39. a4 Kc6 40. Re8 Kb6 41. Rc8 Ka5 42. Ra8+ Ra6 43. Rd8 Kxa4 44. Rxd4+
Kb5 45. Rd5+ Kc6 46. Rf5 Kc7 47. g3 Rd6+ 48. Kc4 b6 49. Kb5 Re6 50. f4 gxf4 51.
gxf4 Rd6 52. Rf7+ Rd7 53. Rf5 Rd3 54. Rh5 Rd6 55. Re5 Rd3 56. Rh5 Rd6 57. Re5
1/2-1/2

[Event "Ajuinentornooi Aalst 2022"]
[Site "?"]
[Date "2022.05.04"]
[Round "4"]
[White "Cotman, Lothar"]
[Black "Lesaffer, Michel"]
[Result "0-1"]
[ECO "A80"]
[WhiteElo "1246"]
[BlackElo "1570"]
[PlyCount "108"]
[EventDate "2022.??.??"]
[TimeControl "240+2"]

{600MB, Fritz10.ctg} 1. d4 d5 2. Nf3 e6 3. e3 f5 4. Bd3 Nf6 5. Nbd2 c6 6. O-O
Bd6 7. a3 O-O 8. c4 Nbd7 9. c5 Bb8 10. b4 a6 11. Bb2 Ne4 12. h3 Nxd2 13. Qxd2
Nf6 14. a4 Ne4 15. Qc2 Qc7 16. Ne5 Bd7 17. Bc3 Nxc3 18. Qxc3 Rf6 19. f4 Rh6 20.
Rfb1 Qd8 21. b5 Bxe5 22. dxe5 g5 23. b6 gxf4 24. exf4 Qh4 25. Rf1 Kh8 26. Qe1
Qe7 27. Qe3 Rg8 28. Kh2 Rhg6 29. Ra2 Be8 30. Rg1 h5 31. g3 Bf7 32. Rag2 Rd8 33.
Qf3 Rh6 34. h4 Qxc5 35. Rb1 Qa3 36. Qd1 Ra8 37. Ra1 Qe7 38. Rb2 Kg7 39. Qe2 c5
40. Rc2 Rhh8 41. Rac1 Rhc8 42. Qf3 Kh6 43. Kh3 Be8 44. a5 Rc6 45. Bxf5 exf5 46.
Qxd5 Bf7 47. Qf3 Rd8 48. Qa3 Rd5 49. Rc3 Be6 50. R3c2 Qf8 51. Rc3 Qg8 52. Rxc5
Qg4+ 53. Kg2 Rd2+ 54. Kg1 Qe2 0-1

[Event "Ajuinentornooi Aalst 2022"]
[Site "?"]
[Date "2022.05.04"]
[Round "4"]
[White "Claessens, Dirk"]
[Black "Van Heghe, Isabelle"]
[Result "1-0"]
[ECO "D10"]
[WhiteElo "1412"]
[BlackElo "1159"]
[PlyCount "120"]
[EventDate "2022.??.??"]
[TimeControl "240+2"]

{600MB, Fritz10.ctg} 1. d4 d5 2. c4 c6 3. cxd5 cxd5 4. Nc3 e6 5. Nf3 Nc6 6. Bf4
Bd6 7. Bg3 a6 8. e3 Bxg3 9. hxg3 h6 10. Bd3 Nf6 11. Ne5 Nxe5 12. dxe5 Nd7 13.
Qa4 O-O 14. Qf4 Re8 15. O-O-O Nf8 16. g4 Ng6 17. Qg3 Bd7 18. Bxg6 Rf8 19. Bc2
f6 20. f4 fxe5 21. fxe5 Be8 22. Rd4 Qg5 23. Rf4 Bg6 24. Rxf8+ Rxf8 25. Bxg6
Qxg6 26. Rd1 Rd8 27. Rd4 b5 28. Qe1 Qe8 29. Qd1 Qe7 30. Ne4 Rc8+ 31. Nc3 b4 32.
Rd3 bxc3 33. Rxc3 Rxc3+ 34. bxc3 Qg5 35. Qd4 Qh4 36. Qf4 Qh1+ 37. Kb2 Qxg2+ 38.
Ka3 Qc2 39. Qb4 Qc1+ 40. Ka4 Qxe3 41. Qb8+ Kh7 42. Qb1+ Qe4+ 43. Qxe4+ dxe4 44.
Kb3 Kg6 45. c4 Kg5 46. c5 Kf4 47. c6 e3 48. Kc2 e2 49. Kd2 Kf3 50. Ke1 Kxg4 51.
c7 Kf5 52. c8=Q Kxe5 53. Qxa6 g5 54. Qxe2+ Kf5 55. Qd1 e5 56. Qf3+ Kg6 57. a4
h5 58. a5 g4 59. Qe4+ Kg5 60. Qxe5+ Kh4 1-0

[Event "Ajuinentornooi Aalst 2022"]
[Site "?"]
[Date "2022.05.04"]
[Round "4"]
[White "Lefevre, Lucien"]
[Black "Van Der Voorde, Sonja"]
[Result "1-0"]
[ECO "D45"]
[WhiteElo "1507"]
[BlackElo "1327"]
[PlyCount "63"]
[EventDate "2022.??.??"]
[TimeControl "240+2"]

{600MB, Fritz10.ctg} 1. d4 Nf6 2. c4 e6 3. Nc3 d5 4. e3 Nbd7 5. Nf3 c6 6. cxd5
exd5 7. Bd3 Bd6 8. O-O O-O 9. Re1 Re8 10. Qc2 Qc7 11. e4 dxe4 12. Nxe4 Be7 13.
Nxf6+ Nxf6 14. Bg5 Be6 15. Bxf6 Bxf6 16. Bxh7+ Kh8 17. Be4 Rad8 18. Rad1 Bg4
19. d5 c5 20. h3 Bxf3 21. Bxf3 b6 22. b3 Qf4 23. Qd3 Be5 24. g3 Qf6 25. Re4 g5
26. Rde1 Qg7 27. h4 f5 28. Rc4 Bf4 29. Rxe8+ Rxe8 30. gxf4 Re1+ 31. Kh2 gxh4
32. Qc3 1-0

[Event "Ajuinentornooi Aalst 2022"]
[Site "?"]
[Date "2022.05.04"]
[Round "4"]
[White "Durieux, Frank"]
[Black "Ongenae, Veerle"]
[Result "1-0"]
[ECO "D02"]
[WhiteElo "1368"]
[BlackElo "1304"]
[PlyCount "64"]
[EventDate "2022.??.??"]
[TimeControl "240+2"]

{600MB, Fritz10.ctg} 1. d4 d5 2. Bf4 Nf6 3. e3 e6 4. Nf3 Bd6 5. Ne5 O-O 6. Bd3
c5 7. c3 Nc6 8. Nd2 Qc7 9. Ndf3 c4 10. Bc2 b5 11. a3 Bb7 12. O-O a5 13. Nxc6
Bxc6 14. Ne5 h6 15. Qf3 Bb7 16. Qg3 Kh8 17. Qh3 h5 18. Qg3 Rad8 19. f3 Nh7 20.
Bxh7 Kxh7 21. Qg5 g6 22. Qh6+ Kg8 23. g4 hxg4 24. fxg4 Bc8 25. Bg5 Be7 26. Bf6
Bxf6 27. Rxf6 Qd6 28. h4 Qe7 29. Raf1 Bd7 30. h5 Be8 31. g5 Rb8 32. hxg6 fxg6
1-0

[Event "Ajuinentornooi Aalst 2022"]
[Site "?"]
[Date "2022.05.04"]
[Round "4"]
[White "Smekens, Ann"]
[Black "Schatteman, Sven"]
[Result "1-0"]
[ECO "B00"]
[WhiteElo "1160"]
[BlackElo "1272"]
[PlyCount "69"]
[EventDate "2022.??.??"]
[TimeControl "240+2"]

{600MB, Fritz10.ctg} 1. e4 Nc6 2. Nf3 b6 3. d4 e6 4. Nc3 Bb4 5. Bb5 Bxc3+ 6.
bxc3 Bb7 7. O-O a6 8. Bd3 Nce7 9. Re1 Nf6 10. Bg5 d6 11. Bxf6 gxf6 12. Qd2 Kd7
13. c4 Qg8 14. Qh6 f5 15. Nh4 Qg4 16. f3 Qg8 17. c3 Re8 18. Rad1 Ng6 19. Bc2 f4
20. Ba4+ c6 21. c5 b5 22. Bc2 e5 23. dxe5 Rxe5 24. Rxd6+ Kc7 25. Red1 Qc8 26.
Nxg6 hxg6 27. Qxf4 Qe8 28. Rd7+ Kc8 29. Rd8+ Qxd8 30. Rxd8+ Rxd8 31. Qxe5 a5
32. Qf6 Rd2 33. Bb3 a4 34. Bxf7 Kb8 35. Qxg6 1-0